 Dungeon Crawl Stone Soup version 0.25-a0-253-g6f1b5d974a (webtiles) character file.

Game seed: 2507599063945865697, levelgen mode: deterministic

116 MisterFreud the Shield-Bearer (level 5, -8/47 HPs)
             Began as a Gnoll Fighter on Dec 5, 2019.
             Mangled by an ogre
             ... wielding a +0 giant club
              (19 damage)
             ... on level 4 of the Dungeon.
             The game lasted 00:03:46 (2853 turns).

MisterFreud the Shield-Bearer (Gnoll Fighter)       Turns: 2853, Time: 00:03:46

Health: -8/47      AC: 10    Str: 19    XL:     5   Next: 0%
Magic:  6/6        EV:  6    Int: 11    God:
Gold:   256        SH: 11    Dex: 14    Spells: 6/6 levels left

rFire    . . .     SeeInvis .   a - +0 long sword
rCold    . . .     Gourm    .   c - +1 shield
rNeg     . . .     Faith    .   v - +0 chain mail (curse)
rPois    .         Spirit   .   (no helmet)
rElec    .         Reflect  .   (no cloak)
rCorr    .         Harm     .   (no gloves)
MR       .....                  (no boots)
Stlth    ..........             (no amulet)
HPRegen  0.15/turn              B - ring of wizardry
MPRegen  0.10/turn              D - +3 ring of slaying

@: no status effects
A: distributed training, fangs 1, strong nose
a: no special abilities


You were on level 4 of the Dungeon.
You were not hungry.

You visited 1 branch of the dungeon, and saw 4 of its levels.

You collected 256 gold pieces.

Inventory:

Hand Weapons
 a - a +0 long sword (weapon)
Missiles
 j - 60 sling bullets
 k - 7 javelins (quivered)
 r - 64 stones
 w - 22 bolts
 A - 15 arrows
 C - 5 silver javelins
Armour
 b - a +0 scale mail
 c - a +1 shield (worn)
 v - a cursed +0 chain mail (worn)
Jewellery
 B - a ring of wizardry (left hand)
 D - a +3 ring of slaying (right hand)
Scrolls
 h - a scroll of magic mapping
 m - 4 scrolls of teleportation
 p - a scroll of enchant weapon {unknown}
 u - a scroll of noise {unknown}
 x - 3 scrolls of fear {unknown}
 y - a scroll of fog
Potions
 d - 2 potions of might
 e - 2 potions of cancellation
 g - 3 potions of haste
 i - a potion of agility
 l - a potion of heal wounds
 n - a potion of brilliance {unknown}
 o - a potion of lignification {unknown}
 q - 2 potions of curing
 s - a potion of flight {unknown}
 t - a potion of berserk rage {unknown}
Comestibles
 f - 9 rations


   Skills:
 + Level 6.6 Fighting
 + Level 1.2 Short Blades
 + Level 4.7 Long Blades
 + Level 1.2 Axes
 + Level 1.2 Maces & Flails
 + Level 1.2 Polearms
 + Level 1.2 Staves
 + Level 1.2 Slings
 + Level 1.2 Bows
 + Level 1.2 Crossbows
 + Level 1.2 Throwing
 + Level 6.6 Armour
 + Level 1.2 Dodging
 + Level 1.2 Stealth
 + Level 6.6 Shields
 + Level 1.2 Unarmed Combat
 + Level 1.2 Spellcasting
 + Level 1.0 Conjurations
 + Level 1.0 Hexes
 + Level 1.0 Charms
 + Level 1.0 Summonings
 + Level 1.0 Necromancy
 + Level 1.0 Translocations
 + Level 1.0 Transmutations
 + Level 1.0 Fire Magic
 + Level 1.0 Ice Magic
 + Level 1.0 Air Magic
 + Level 1.0 Earth Magic
 + Level 1.0 Poison Magic
 + Level 1.4 Invocations
 + Level 1.2 Evocations


You had 6 spell levels left.
You didn't know any spells.
Your spell library contained the following spells:

 Spells                   Type           Power        Failure   Level  Hunger
 Corpse Rot               Necr/Air       N/A          96%         2    ###....
 Stone Arrow              Conj/Erth      #.....       99%         3    ####...
 Summon Forest            Summ/Tloc      #.........   100%        5    ######.
 Eringya's Noxious Bog    Tmut/Pois      #.........   100%        6    #######
 Hydra Form               Tmut           #.........   100%        6    #######
 Summon Hydra             Summ           #.........   100%        7    #######


Dungeon Overview and Level Annotations

Branches:
Dungeon (4/15)
 Temple: D:4-7

Altars:
Elyvilon
Qazlal
Trog
Yredelemnul


Innate Abilities, Weirdness & Mutations

Your experience applies equally to all skills.
You have very sharp teeth.
Your uncanny sense of smell can sniff out nearby items.


Message History

You block the bullfrog skeleton's attack.
Your shield and chain mail prevent you from hitting the ogre.
You block the ogre's attack.
You closely miss the ogre. The ogre hits you with a +0 giant club!
You slash the ogre! You bite the ogre.
The ogre is heavily wounded.
The ogre hits you with a +0 giant club!
You hit the ogre but do no damage.
The ogre is heavily wounded.
You hit the ogre.
The ogre is severely wounded.
You block the ogre's attack.
You hit the ogre.
The ogre is almost dead.
The ogre hits you with a +0 giant club!
* * * LOW HITPOINT WARNING * * *
Your shield and chain mail prevent you from hitting the ogre.
The ogre is almost dead.
The ogre hits you with a +0 giant club!!
You die...

##...#.###########
##........#
.#######.##.###.#
>...........#
########.####
#.######.#
#........#
#.######.# #@# #O#
#Z# ... ... .....
#...# ##.##


You could see an ogre and a bullfrog skeleton.

Vanquished Creatures
  3 adders
  An ooze (D:2)
  3 worms
  2 dart slugs
  2 leopard geckos
  8 orcs
  3 giant cockroaches
  5 goblins
  5 hobgoblins
  2 jackals (D:2)
  6 kobolds
  A ball python (D:4)
  11 bats
  5 frilled lizards
  6 rats
63 creatures vanquished.

Notes
Turn   | Place    | Note
-------+----------+-------------------------------------------
     0 | D:1      | MisterFreud the Gnoll Fighter began the quest for the Orb.
     0 | D:1      | Reached XP level 1. HP: 23/23 MP: 1/1
   122 | D:1      | Reached XP level 2. HP: 29/29 MP: 2/2
   371 | D:1      | Reached XP level 3. HP: 35/35 MP: 3/3
   911 | D:2      | Reached skill level 1 in Invocations
  1153 | D:2      | Found a stormy altar of Qazlal.
  1271 | D:2      | Reached skill level 1 in Short Blades
  1271 | D:2      | Reached skill level 1 in Axes
  1271 | D:2      | Reached skill level 1 in Maces & Flails
  1271 | D:2      | Reached skill level 1 in Polearms
  1271 | D:2      | Reached skill level 1 in Staves
  1271 | D:2      | Reached skill level 1 in Slings
  1271 | D:2      | Reached skill level 1 in Bows
  1271 | D:2      | Reached skill level 1 in Crossbows
  1271 | D:2      | Reached skill level 1 in Throwing
  1271 | D:2      | Reached skill level 1 in Dodging
  1271 | D:2      | Reached skill level 1 in Stealth
  1271 | D:2      | Reached skill level 1 in Unarmed Combat
  1271 | D:2      | Reached skill level 1 in Spellcasting
  1271 | D:2      | Reached skill level 1 in Evocations
  1544 | D:3      | Reached XP level 4. HP: 36/41 MP: 5/5
  2454 | D:4      | Reached skill level 1 in Conjurations
  2454 | D:4      | Reached skill level 1 in Hexes
  2454 | D:4      | Reached skill level 1 in Charms
  2454 | D:4      | Reached skill level 1 in Summonings
  2454 | D:4      | Reached skill level 1 in Necromancy
  2454 | D:4      | Reached skill level 1 in Translocations
  2454 | D:4      | Reached skill level 1 in Transmutations
  2454 | D:4      | Reached skill level 1 in Fire Magic
  2454 | D:4      | Reached skill level 1 in Ice Magic
  2454 | D:4      | Reached skill level 1 in Air Magic
  2454 | D:4      | Reached skill level 1 in Earth Magic
  2454 | D:4      | Reached skill level 1 in Poison Magic
  2558 | D:4      | Found a bloodstained altar of Trog.
  2560 | D:4      | Found a basalt altar of Yredelemnul.
  2564 | D:4      | Found a white marble altar of Elyvilon.
  2607 | D:4      | Reached XP level 5. HP: 47/47 MP: 6/6
  2843 | D:4      | Noticed an ogre
  2853 | D:4      | Mangled by an ogre

Levels and vault maps discovered:
D:1:      dpeg_arrival_rooms_a, layout_basic
D:2:      layout_basic, grunt_qazlal_sundering
D:3:      layout_basic, first_ration
D:4:      layout_loops_corners, minitemple, nicolae_ru_the_path_less_chosen,
          uniq_ijyb, uniq_grinder

Skill      XL: |  1  2  3  4 |
---------------+-------------+-----
Invocations    | 1 |  1.4
Short Blades   | 1 |  1.2
Axes           | 1 |  1.2
Maces & Flails | 1 |  1.2
Polearms       | 1 |  1.2
Staves         | 1 |  1.2
Slings         | 1 |  1.2
Bows           | 1 |  1.2
Crossbows      | 1 |  1.2
Throwing       | 1 |  1.2
Dodging        | 1 |  1.2
Stealth        | 1 |  1.2
Unarmed Combat | 1 |  1.2
Spellcasting   | 1 |  1.2
Evocations     | 1 |  1.2
Conjurations   | 1 |  1.0
Hexes          | 1 |  1.0
Charms         | 1 |  1.0
Summonings     | 1 |  1.0
Necromancy     | 1 |  1.0
Translocations | 1 |  1.0
Transmutations | 1 |  1.0
Fire Magic     | 1 |  1.0
Ice Magic      | 1 |  1.0
Air Magic      | 1 |  1.0
Earth Magic    | 1 |  1.0
Poison Magic   | 1 |  1.0
Fighting       | |  6.6
Long Blades    | |  4.7
Armour         | |  6.6
Shields        | |  6.6

Action                   |  1- 3 |  4- 6 || total
-------------------------+-------+-------++-------
Melee: Long sword        |    91 |    69 ||   160
       Bite              |    11 |    13 ||    24
       Flail             |    31 |       ||    31
  Use: Scroll            |     7 |     5 ||    12
  Eat: Chunk             |     2 |     4 ||     6
Armor: Scale mail        |    47 |     5 ||    52
       Chain mail        |       |    14 ||    14
Dodge: Dodged            |    29 |    18 ||    47
Block: Shield            |    81 |    41 ||   122
       Rpst.: Long sword |     6 |     3 ||     9

Table legend:
 A = Non-vault XP
 B = Vault XP
 C = Vault XP percentage of total XP
 D = Non-vault monster count
 E = Vault monster count
 F = Vault count percentage of total count
                 A         B        C        D         E       F
            +---------+---------+-------+---------+---------+-------
      Total |     166 |       0 |   0.0 |      63 |       0 |   0.0
            +---------+---------+-------+---------+---------+-------
        D:1 |      42 |       0 |   0.0 |      24 |       0 |   0.0
        D:2 |      36 |       0 |   0.0 |      18 |       0 |   0.0
        D:3 |      41 |       0 |   0.0 |      11 |       0 |   0.0
        D:4 |      47 |       0 |   0.0 |      10 |       0 |   0.0
            +---------+---------+-------+---------+---------+-------
